[Event "4NCL 2022-2023"]
[Site "Daventry"]
[Date "2023.01.15"]
[Round "4.25"]
[White "Murphy, Conor E"]
[Black "Jones, Gawain C B"]
[Result "1-0"]
[ECO "C55"]
[WhiteElo "2429"]
[BlackElo "2623"]
[Annotator "TA"]
[PlyCount "159"]
[EventDate "2022.10.20"]
[EventType "team-tourn"]
[EventCountry "ENG"]
[SourceTitle "playchess.com"]
[Source "ChessBase"]
[SourceQuality "1"]
[TimeControl "40/6000+30:2400+30"]

1. e4 e5 2. Nf3 Nc6 3. Bc4 Nf6 4. d3 h6 5. c3 d6 6. O-O g5 {[%emt 0:00:28] outshines the older 6...g6. C55: Two Knights: 4 d3, 4 d4 exd4 5 e5 and Max Lange Attack.} 7. a4 Bg7 8. a5 {[%emt 0:00:15] [#]} Qe7 $146 {[%emt 0:11:31] White has an edge.} ({Predecessor:} 8... O-O 9. Be3 d5 10. exd5 Nxd5 11. Bc5 Re8 12. Re1 g4 13. Nfd2 b6 14. axb6 cxb6 {1-0 Sindarov,J (2544)-Gareyev,T (2606) RBI op Qualifier 3 blitz 2020 (7)}) 9. a6 b6 10. d4 Bd7 (10... Nxe4 $2 11. Bd5 Bd7 12. Bxe4 $18) 11. d5 Nd8 (11... Na5 12. Be2 $18) 12. Re1 Nh7 (12... c6 $14) 13. Na3 $16 O-O 14. Nb5 f5 15. exf5 $1 {[%emt 0:04:16] White is much more active.} (15. Nxc7 $2 Rc8 16. Nb5 Rxc4 $17) 15... Bxf5 16. Bd3 Qd7 17. Bxf5 Rxf5 18. c4 Nf6 19. Nc3 Nf7 20. Qa4 Qc8 (20... g4 $16) 21. Nd2 (21. Ra3 $1 $18) 21... e4 22. Ndxe4 Nxe4 23. Nxe4 Ne5 24. Ra3 Qf8 25. Qc2 Qf7 26. Ng3 Rf6 27. Rae3 Rf8 28. R3e2 Qg6 29. Be3 Nd3 30. Rd1 Nf4 31. Red2 Qe8 32. b3 R6f7 33. Ne2 Re7 34. Nd4 {[%emt 0:01:41] Hoping for Nc6.} Bxd4 35. Rxd4 Qh5 (35... Rxe3 $142 36. fxe3 Qxe3+ 37. Kh1 Re8 38. Rxf4 {[%mdl 64] Remove Defender} Qxf4) 36. Bxf4 Rxf4 37. f3 Qe8 38. Kf2 $1 Qh5 {[%emt 0:01:29] ...Qh4+ is the strong threat.} 39. Kg1 (39. Rxf4 $16 gxf4 40. Kg1) 39... Qe8 $1 $14 40. Kf2 {[%emt 0:01:34] Wards off Re2+} ({White should play} 40. R4d3 $1 $14) 40... Qh5 $1 $16 {[%emt 0:00:07] White must now prevent ...Qh4+.} 41. Rxf4 {[%emt 0:07:08] White leaves nothing to chance now.} gxf4 {[%emt 0:00:00][%mdl 4096] Endgame KQR-KQR} 42. h3 Qh4+ 43. Kf1 $1 Qg3 {[%emt 0:00:00] [#]} 44. Qd2 $1 {[%emt 0:07:55] aiming for Re1.} Re3 (44... Qh2 $16 45. Re1 Rg7) 45. Re1 $18 Rxb3 46. Qd4 Qg6 47. Qxf4 Rb2 $2 (47... Rb1 48. Qg4 Qxg4 49. hxg4 Rb4 50. Re8+ Kf7) 48. g4 (48. Qg4 Qxg4 49. fxg4 (49. hxg4 Kf8 $14) 49... Kf7 $16) 48... Qd3+ (48... Qc2 {leads to mate.} 49. Re8+ (49. Qxh6 $2 Qg2#) 49... Kg7 50. Qf8+ Kg6 51. Qg8+ Kf6 52. Re6#) (48... h5 $142 49. Qe3 Rh2 50. Qe8+ (50. Qe6+ Qxe6 51. Rxe6 Rxh3 $11) 50... Qxe8 51. Rxe8+ Kg7 52. Re7+ Kf6 53. Rxc7 Rxh3 54. gxh5 (54. Rxa7 Rxf3+ 55. Kg1 hxg4 $14) 54... Rxh5 55. Rxa7 Ke5) 49. Kg1 {[%emt 0:00:06] White wants to mate with Re8+.} Rb1 50. Rxb1 Qxb1+ {[%emt 0:00:07] KQ-KQ} 51. Kf2 Qa2+ {[%emt 0:00:10] [#]} 52. Kg3 $1 Qxa6 53. Qxh6 Qxc4 54. Qg6+ (54. Qe6+ $142 Kg7 55. h4) 54... Kf8 55. Qf6+ Kg8 56. Qe6+ Kf8 57. g5 {[%emt 0:00:30] g6 would kill now.} Qc1 58. Kg4 {[%emt 0:00:45] Intending g6 and mate.} Qg1+ 59. Kh5 Qg3 60. Qc8+ Ke7 61. Qxc7+ Ke8 62. Qb8+ Ke7 63. Qxa7+ Ke8 64. Qa8+ ({Stronger than} 64. Qxb6 Qxf3+ 65. Kg6 Qf7+ 66. Kh6 Qf8+ 67. Kh5 Qf3+ 68. Kh4 Qf4+ 69. Kh5 Qf3+ $11) 64... Ke7 65. Qb7+ Ke8 66. Qc8+ ({Weaker is} 66. Qxb6 Qxf3+ 67. Kg6 Qf7+ 68. Kh6 Qf8+ 69. Kh5 Qf3+ 70. Kh4 Qf4+ 71. Kh5 Qf3+ $11) 66... Ke7 67. Kg6 b5 68. Qc7+ Ke8 69. Qc8+ Ke7 70. Qb7+ {[%emt 0:00:05] White mates.} Kd8 71. Qxb5 Qxh3 72. Qb6+ Kd7 73. Qc6+ Ke7 74. Qc7+ Ke8 75. Qf7+ Kd8 76. Qf6+ Kc7 77. Qe7+ {[%emt 0:00:13][%mdl 64] Deflection} Kb8 78. Qxd6+ Ka8 79. Qf8+ Ka7 80. Qf7+ {[%emt 0:00:05] Weighted Error Value: White=0.12 (very precise) /Black=0.39} 1-0

[Event "4NCL 2022-2023"]
[Site "Daventry"]
[Date "2023.01.15"]
[Round "4.26"]
[White "Alsina Leal, Daniel"]
[Black "McClement, Andrew"]
[Result "1-0"]
[ECO "B81"]
[WhiteElo "2520"]
[BlackElo "2220"]
[Annotator "TA"]
[PlyCount "139"]
[EventDate "2022.10.20"]
[EventType "team-tourn"]
[EventCountry "ENG"]
[SourceTitle "playchess.com"]
[Source "ChessBase"]
[SourceQuality "1"]
[TimeControl "40/6000+30:2400+30"]

1. e4 c5 2. Nf3 d6 3. d4 cxd4 4. Nxd4 Nf6 5. Nc3 e6 6. g4 h6 7. Rg1 Be7 8. Be3 Nc6 9. Nb3 {[%emt 0:00:32] B81: Sicilian Scheveningen: Keres Attack.} d5 10. exd5 {[%emt 0:00:39] [#]} Nxd5 $146 ({Predecessor:} 10... exd5 11. g5 hxg5 12. Rxg5 Be6 13. Rxg7 Rxh2 14. Qf3 d4 15. O-O-O Bxb3 16. axb3 Qa5 17. Bxd4 {1-0 Collier,D (2225)-Humphreys,J (2073) Bristol League op 2004 (5)}) 11. Nxd5 {[%emt 0:00:14] White is slightly better.} Qxd5 12. Qxd5 exd5 13. O-O-O Be6 14. f4 f6 15. Bb5 O-O 16. Nc5 {[%emt 0:18:42][%cal Bb3c5,Bc5b7,Bb7a5][%mdl 32] White is more active.} Bf7 17. Nxb7 Rfc8 18. a3 {[%emt 0:07:09] Repels Nb4} Rab8 19. Bxc6 {[%emt 0:00:17][%mdl 64] Remove Defender} Rxc6 20. Na5 Rc7 21. Rd3 Bd6 22. b4 Re8 23. Bd2 (23. Rf1 $1 $14) 23... Re2 24. h3 Rxd2 {[%emt 0:12:30][%mdl 64] Remove Defender} 25. Kxd2 Bxf4+ 26. Kd1 Bg6 27. Rxd5 Rxc2 28. Rf1 Bg5 {[%emt 0:00:54] A strong pair of Bishops.} 29. Nb3 Ra2 {[%emt 0:02:19] ...Bc2+ would be deadly.} 30. Nd4 {[%emt 0:00:53] Prevents Bc2+} Bd3 {[%emt 0:05:18][%cal Ra2a1] Dodges Nf5} 31. Rxg5 $1 Bxf1 $11 {[%emt 0:02:42][%mdl 4096] Endgame KRB-KRN} 32. Ra5 Bxh3 33. Rxa7 {[%emt 0:00:19] And now b5 would win.} Bxg4+ 34. Kc1 $1 Ra1+ 35. Kc2 Bh5 36. Ne6 Bf7 37. Ra8+ Kh7 38. Nf8+ Kg8 39. Nd7+ Kh7 40. Nf8+ Kg8 41. Nd7+ Kh7 42. b5 h5 43. b6 Bd5 44. Ra7 Kh6 {[%emt 0:00:00] Black wants to play ...Be4+.} 45. b7 Be4+ (45... Bxb7 $5 46. Rxb7 Rxa3 $17) 46. Kc3 Bxb7 47. Kb2 (47. Rxb7 $11 {keeps the balance.} Rxa3+ 48. Kd2) 47... Re1 (47... Rd1 $1 $17 48. Rxb7 h4) 48. Rxb7 $15 {[%emt 0:02:45] KRN-KR} h4 49. Rb8 (49. a4 $1 $15) 49... Kg5 $17 {[%emt 0:01:42][%mdl 1024] Black has strong compensation.} (49... Re2+ $6 50. Kc3 $11) 50. Rh8 (50. a4 $17) 50... f5 (50... Re7 $19 51. Nc5 Kg4) 51. a4 $15 f4 ({Better is} 51... Re7 $1 $17 52. Nb6 f4) 52. a5 $11 {[%emt 0:00:24] Black must now prevent a6.} Re7 53. Nc5 f3 54. a6 Kg4 {[%emt 0:01:19] Hoping for ...h3.} 55. Kc3 $2 (55. Nd3 $11) 55... h3 $19 56. Nd3 {[%emt 0:02:17] Dodges f2} Kg3 57. Kc4 h2 {[%emt 0:08:14] Threatens to win with ...g5.} 58. Rh5 Re2 $2 ({Black should play} 58... Rd7 $19 59. Rh7 g5 60. Rxd7 h1=Q) 59. Rg5+ Kh3 {[%emt 0:05:20] [#]} (59... Kh4 $1 $11 60. Rxg7 f2 61. Rh7+ Kg3 62. Rg7+ (62. Nxf2 Rxf2 63. Rg7+ Kh4 $11) 62... Kh4 63. Rh7+ Kg3 64. Rg7+ (64. Nxf2 Rxf2 65. Rg7+ Kh4 $11) 64... Kh4) 60. a7 $1 $16 (60. Rxg7 $6 f2 61. Rh7+ Kg3 62. Rg7+ (62. Nxf2 Rxf2 63. a7 Rc2+ 64. Kd5 Ra2 $11) 62... Kh4 63. Rh7+ Kg3 64. Rg7+ (64. Nxf2 Rxf2 65. Rg7+ Kf4 $11) 64... Kh4 65. Rh7+ Kg3 $11) 60... Ra2 {[%emt 0:06:52] [#]} 61. Nf2+ $1 {[%emt 0:00:10][%mdl 576] Promotion} Kh4 (61... Rxf2 {is a self mate.} 62. a8=Q (62. a8=B $2 {too greedy.} h1=Q $19) 62... Kh4 63. Rxg7 Rc2+ 64. Kd3) 62. Rxg7 {[%emt 0:00:22] Strongly threatening Kb3.} Kh5 $2 (62... Rc2+ $2 63. Kb4 Rc8 64. Kb5 $18) (62... Ra5 $16 63. Kd3 Kh5) 63. Kb5 {[%emt 0:00:54] aiming for Kb6.} Kh6 64. Rd7 Kg5 {[%emt 0:00:26] Prevents Ng4.} 65. Kb6 {[%emt 0:00:32] Kb7 is the strong threat.} Kf4 {[%emt 0:02:29] [#]} (65... Rxf2 66. a8=Q Rb2+ 67. Kc7 Rc2+ 68. Kd8 h1=Q 69. Qd5+ Kh4 70. Rh7+ Kg3 71. Qg5+ Kf2 72. Rxh1) (65... Kh4 $142 66. Nd3 f2 67. Nxf2 Rb2+ 68. Kc5 Ra2) 66. Rg7 $2 ({Worse is} 66. Rf7+ Kg3 67. Rh7 Kg2 $11) ({White has to play} 66. Nh1 $1 $18 Ra1 67. Rd8) 66... Rxf2 $2 (66... Rb2+ $11 67. Kc6 Ra2) 67. a8=Q $18 {[%emt 0:00:05] White threatens Qa4+ and mate.} h1=Q 68. Qa4+ {[%emt 0:00:31] White mates.} Ke3 69. Re7+ Kd2 70. Qd4+ {[%emt 0:00:10] Excellently played by Alsina Leal!   Weighted Error Value: White=0.21 (precise) /Black=0.28 (precise)} (70. Qa2+ $142 Kc1 71. Qa1+ Kc2 72. Rc7+ Kd3 73. Qc3+ Ke4 74. Re7+ Kf5 75. Qe5+ Kg4 76. Rg7+ Kh4 77. Qg5+ Kh3 78. Rh7#) 1-0

[Event "4NCL 2022-2023"]
[Site "Daventry"]
[Date "2023.01.15"]
[Round "4.27"]
[White "Gallagher, Daniel GH"]
[Black "Rowson, Jonathan"]
[Result "1/2-1/2"]
[ECO "B10"]
[WhiteElo "2204"]
[BlackElo "2550"]
[Annotator "TA"]
[PlyCount "63"]
[EventDate "2022.10.20"]
[EventType "team-tourn"]
[EventCountry "ENG"]
[SourceTitle "playchess.com"]
[Source "ChessBase"]
[SourceQuality "1"]
[TimeControl "40/6000+30:2400+30"]

1. e4 c6 2. Nf3 d5 3. d3 g6 4. e5 c5 5. c3 Nc6 6. d4 {[%emt 0:00:49] B10: Caro-Kann: 2 d3 and 2 c4.} Bg7 7. Bb5 Qb6 8. Bxc6+ {[%emt 0:01:37] White is slightly better.} Qxc6 9. O-O Nh6 {[%emt 0:03:43] [#]} 10. dxc5 $146 ({Predecessor:} 10. Bf4 cxd4 11. cxd4 Bg4 12. Qd2 Nf5 13. Ne1 Qc4 14. Nc2 Be2 15. Re1 Bh5 16. Nc3 Rd8 17. Rac1 {1-0 Vorobiov,E (2580)-Suarez Uriel,A (2389) Lisbon Portugal op 2017 (4)}) 10... Qxc5 11. Nbd2 O-O 12. Nb3 Qc4 13. h3 Nf5 14. g4 Nh6 15. Nbd4 f5 16. g5 Nf7 17. Bf4 $36 {[%emt 0:00:14][%mdl 2048] Black is under pressure.} e6 18. Qd2 Bd7 19. h4 Rfc8 20. Kg2 b5 21. h5 a5 (21... Nh8 $14) 22. hxg6 $1 $16 hxg6 {[%emt 0:00:05] [#]} 23. a3 (23. Nh4 $1 $16 Nh8 24. a3) 23... Bf8 {[%emt 0:04:17] [#]} (23... Nd8 $1 $14) 24. Rac1 ({Better is} 24. Nh4 $1 $16 Kg7 25. Rh1) 24... Kg7 $11 25. Rh1 Be7 26. Rh6 {[%emt 0:00:52][%cal Of3h4] Hoping for Nh4! Really sharp!} Rh8 {[%emt 0:05:12] [#]} (26... Nxh6 $2 27. gxh6+ Kh8 28. Bg5 $18) 27. Rch1 $1 Rag8 (27... Nxh6 $2 28. gxh6+ Kg8 29. Bg5 $18) (27... Qc7 {looks sharper.} 28. R6h4 Rae8 29. Ne1 Rxh4 30. Rxh4 Qd8) (27... Qc7 28. Be3) 28. Rxh8 Rxh8 29. Rxh8 Kxh8 30. b3 {[%emt 0:00:54] The position is equal.} Qc8 31. b4 a4 32. Ne1 {[%emt 0:02:06] Weighted Error Value: White=0.15 (very precise) /Black=0.14 (very precise)} 1/2-1/2

[Event "4NCL 2022-2023"]
[Site "Daventry"]
[Date "2023.01.15"]
[Round "4.28"]
[White "Adair, James R"]
[Black "Hill, Alistair"]
[Result "1-0"]
[ECO "A65"]
[WhiteElo "2451"]
[BlackElo "2172"]
[Annotator "TA"]
[PlyCount "69"]
[EventDate "2022.10.20"]
[EventType "team-tourn"]
[EventCountry "ENG"]
[SourceTitle "playchess.com"]
[Source "ChessBase"]
[SourceQuality "1"]
[TimeControl "40/6000+30:2400+30"]

1. d4 Nf6 2. c4 g6 3. f3 c5 4. d5 d6 5. e4 Bg7 6. Nc3 O-O 7. Nge2 e6 8. Ng3 exd5 9. cxd5 a6 10. a4 Nbd7 11. Be2 Ne8 {[%emt 0:01:51] A65: Modern Benoni: 6 e4.} 12. Bf4 Bd4 13. Qd2 {[%emt 0:03:13] [#]} Qa5 $146 {[%emt 0:18:44][%cal Ob7b5] White has an edge.} ({Predecessor:} 13... f5 14. Bg5 Qc7 15. h4 Ndf6 16. exf5 Bxf5 17. Nxf5 gxf5 18. Bd3 Ng7 19. Ne2 Rae8 {½-½ Fleetwood,D (2581)-Brodda,W (2584) GER GM08-A email 2019}) 14. Be3 Bxe3 15. Qxe3 b5 16. O-O (16. axb5 $2 {perishes.} Qxa1+ 17. Kf2 Qxb2 $19) 16... bxa4 17. Rxa4 Qb6 (17... Qd8 $14) 18. b4 Rb8 19. Rb1 {[%emt 0:03:52] White is much more active.} Nc7 (19... Qd8 $14 {should be considered.}) 20. Nf1 $16 cxb4 21. Qxb6 Rxb6 22. Raxb4 Rxb4 23. Rxb4 Nc5 24. Ne3 Rd8 25. Nc4 {[%emt 0:01:44][%cal Oc4d6] Strongly threatening Nxd6!} Nb5 26. Nxb5 axb5 27. Rxb5 {[%emt 0:08:36][%cal Oc4d6] [#] Nxd6! is the strong threat.} Ba6 28. Rb6 Kg7 29. Kf2 ({Inferior is} 29. Rxd6 Rxd6 30. Nxd6 Bxe2 $15) 29... Bxc4 30. Bxc4 {[%emt 0:00:03] KRB-KRN} g5 (30... Kf8 $16 {is a better defense.} 31. Ke3 Ke7) 31. Ke3 Kf6 $2 {[%emt 0:00:11] [#]} (31... f6 32. h4 gxh4) 32. Kd4 $18 {[%emt 0:01:04] White is clearly winning.} Na4 33. e5+ Ke7 34. Rb7+ Kf8 35. e6 {[%emt 0:01:57] Weighted Error Value: White=0.09 (flawless) /Black=0.52} 1-0

[Event "4NCL 2022-2023"]
[Site "Daventry"]
[Date "2023.01.15"]
[Round "4.29"]
[White "Robertson, J Stuart"]
[Black "Wells, Peter K"]
[Result "1/2-1/2"]
[ECO "B14"]
[WhiteElo "2154"]
[BlackElo "2370"]
[Annotator "TA"]
[PlyCount "110"]
[EventDate "2022.10.20"]
[EventType "team-tourn"]
[EventCountry "ENG"]
[SourceTitle "playchess.com"]
[Source "ChessBase"]
[SourceQuality "1"]
[TimeControl "40/6000+30:2400+30"]

1. d4 Nf6 2. c4 e6 3. Nc3 Bb4 4. e3 O-O 5. Bd2 b6 6. Nf3 Bb7 7. Bd3 c5 8. O-O cxd4 9. exd4 d5 10. cxd5 Nxd5 11. Qe2 Nf6 12. Rfd1 {[%emt 0:08:59] B14: Caro-Kann: Panov-Botvinnik Attack with 5...e6 and 5...g6.} Nbd7 {[%emt 0:10:45] [#]} 13. Rac1 $146 ({Predecessor:} 13. Bg5 Bxc3 14. bxc3 Qc7 15. Rac1 h6 16. Bd2 Rad8 17. c4 Rfe8 18. Bc3 Qf4 19. Qe3 Qxe3 20. fxe3 {1-0 Sanguineti,R-Bilek,I Olympiad-13 Preliminaries C 1958 (2)}) 13... Rc8 14. Ne5 {[%emt 0:03:50] White has an edge.} Bxc3 (14... Nxe5 {simplifies} 15. dxe5 Nd5 16. a3 Bxc3 17. bxc3 Ne7) 15. bxc3 Nxe5 16. dxe5 Qd5 {[%emt 0:03:17][%csl Gb7][%cal Rd5g2] [#]} 17. f3 Qc5+ 18. Kh1 Nd7 19. Bf4 Rc7 20. Qe1 Rfc8 21. Qh4 Nf8 22. Bg3 ({Better is} 22. Qg3 $15) 22... Qa3 $17 23. Be1 Bc6 (23... Qxa2 $6 24. Ra1 Qb3 25. Rdb1 $11) (23... Rd7 $17 {[%cal Od7d3] aiming for ...Rxd3!} 24. Bxh7+ Nxh7 25. Rxd7 Qxc1 26. Rxb7 g5) 24. Qb4 $11 Qxb4 25. cxb4 Ba4 26. Rxc7 Rxc7 27. Rb1 Ng6 28. Bg3 Rc3 29. Be4 Bc6 30. Bxg6 hxg6 $15 {[%emt 0:00:06][%cal Bh7g6,Bg6g5][%mdl 4128] Endgame KRB-KRB} 31. Kg1 g5 32. h3 Bd5 33. Rb2 Ra3 34. Be1 Bxa2 35. h4 gxh4 36. Bxh4 Bd5 37. Be7 a5 38. bxa5 Ra1+ ({Don't play} 38... Rxa5 $6 39. Rxb6 Ra7 40. Rb8+ Kh7 41. Bc5 $11) 39. Kf2 bxa5 40. Re2 a4 {[%emt 0:00:50] [#] Threatens to win with ...a3.} 41. Re1 Rxe1 42. Kxe1 {[%emt 0:00:00] KB-KB} Kh7 43. Ke2 Kg6 44. g4 f5 {[%emt 0:03:06] Strongly threatening ...Kf7.} 45. exf6 gxf6 46. f4 e5 47. Ke3 Kf7 48. Ba3 Bb3 49. fxe5 fxe5 50. Ke4 Ke6 51. Bb2 Bc2+ 52. Ke3 Kd5 53. Kd2 Bg6 54. Bxe5 $2 Kxe5 $19 55. Kc3 Kf4 {[%emt 0:01:54][%mdl 32768] Weighted Error Value: White=0.24 (precise) /Black=0.08 (flawless) . An unexpected result.} ({Not} 55... a3 56. Kb3 $11) 1/2-1/2

[Event "4NCL 2022-2023"]
[Site "Daventry"]
[Date "2023.01.15"]
[Round "4.30"]
[White "Ashton, Adam G"]
[Black "Lee, Richard W Y"]
[Result "1-0"]
[ECO "C10"]
[WhiteElo "2339"]
[BlackElo "2108"]
[Annotator "TA"]
[PlyCount "117"]
[EventDate "2022.10.20"]
[EventType "team-tourn"]
[EventCountry "ENG"]
[SourceTitle "playchess.com"]
[Source "ChessBase"]
[SourceQuality "1"]
[TimeControl "40/6000+30:2400+30"]

1. e4 e6 2. d4 d5 3. Nc3 dxe4 4. Nxe4 Nd7 5. Nf3 Ngf6 6. Nxf6+ Nxf6 7. c3 c5 8. Ne5 {[%emt 0:00:55] 8.Be3 injects fresh life into this line.} a6 {[%emt 0:01:18] C10: French with 3 Nc3: Unusual Black 3rd moves and 3...dxe4.} 9. Qa4+ (9. Be3 $5 ) 9... Nd7 (9... Bd7 {simplifies} 10. Nxd7 Qxd7 11. Qxd7+ Nxd7 12. Be3 cxd4 13. Bxd4 e5) 10. Be3 Qc7 {[%emt 0:01:13] White is slightly better. has lost popularity (10...cxd4).} 11. Bb5 {[%emt 0:12:31] 11.0-0-0 is vanishing.} cxd4 12. Bxd7+ (12. cxd4 Rb8 13. Bxd7+ Bxd7 14. Nxd7 Qxd7 15. Qxd7+ Kxd7 $11) 12... Bxd7 13. Qxd4 Bb5 14. a4 $1 Bd6 15. Nxf7 {[%emt 0:05:40][%mdl 64] Discovered Attack} Kxf7 16. axb5 axb5 17. Rd1 Be7 (17... Rhd8 $14) 18. O-O $16 {[%emt 0:01:29] [#]} Ra4 $146 ({Predecessor:} 18... Rhd8 19. Qe4 Rxd1 20. Rxd1 h6 21. h3 Rd8 22. Qf3+ Kg8 23. Rxd8+ Bxd8 24. Qg4 Qc4 {1-0 Asrian,K (2621)-Maslak,K (2510) Moscow op-A 04th 2008 (7)}) 19. b4 Bf6 20. Qg4 {[%emt 0:01:58] Qh5+ would be deadly.} (20. Qd3 $5 Qc6 21. Qe2 $14) 20... Qc6 $2 (20... h5 $14 21. Qe2 Qxc3) 21. Bc5 (21. Qh5+ $1 $18 {and the rest is easy.} g6 22. Qh6) 21... Rd8 22. Rxd8 Bxd8 23. Qh5+ Kg8 24. Rd1 Bf6 25. h3 $40 {[%emt 0:00:26][%cal Bh2h3,Bh3h4,Bh4h5,Bh5h6,Bh6g7][%mdl 160] Black needs to defend precisely.} Ra8 26. Qe2 Rd8 {[%emt 0:04:19] Prevents Rd6.} 27. Rxd8+ Bxd8 $14 {[%emt 0:00:01][%mdl 4096] Endgame KQB-KQB} 28. Bd4 Qd5 29. Qg4 Qd7 30. h4 Qf7 31. h5 Bf6 (31... h6 $14) 32. h6 $16 {[%emt 0:04:29] White is more active.} Kf8 (32... Qe7 $16 33. hxg7 Qf7) 33. hxg7+ $1 $18 Bxg7 34. Bxg7+ Qxg7 35. Qxe6 (35. Qf4+ $1 $18 Ke7 36. Qc7+ Kf6 37. Qd8+ Qe7 38. Qd4+ Kg5 39. Qe5+ Kh6 40. Qxb5) 35... Qxc3 {[%emt 0:00:28] KQ-KQ} 36. Qf5+ Kg8 37. Qd5+ (37. Qxb5 $6 Qe1+ 38. Kh2 Qxf2 $11) 37... Kf8 38. Qd6+ (38. Qxb7 $6 Qxb4 39. Qf3+ Kg7 $11) (38. Qxb5 $6 Qe1+ 39. Qf1 (39. Kh2 Qxf2 40. Qc4 Qf7 $11) 39... Qxb4 $11) 38... Kf7 39. g3 (39. Kh2 $16) 39... Qe1+ 40. Kg2 {[%emt 0:00:08] And now Qc7+ would win.} Qe4+ 41. Kh2 Qc6 {[%emt 0:03:04] Repels Qd7+} (41... Qc4 $14) 42. Qf4+ $1 $16 Kg7 43. Qg5+ ({White should try} 43. g4 $1 $16) 43... Kf7 $14 44. Qf5+ Kg7 45. f4 h6 46. Qe5+ Kf7 47. Qd4 Qc4 48. Qd2 Ke6 (48... Qc6 $11) 49. Kh3 (49. g4 $1 $14) 49... Kf6 $11 50. Qd6+ Kf7 51. Kh4 Qe2 52. Qe5 Qc4 53. Qf5+ Kg7 54. Qd7+ Kf6 55. Qd6+ (55. Qxb7 Qxb4 56. Qc6+ Kf7 $14) 55... Kg7 {[%emt 0:03:36] [#]} (55... Kf7 $1 $11) 56. g4 $1 $16 {[%emt 0:00:00] Intending Qe7+ and mate.} Qc1 $2 {[%emt 0:04:29][%mdl 8192] [#]} (56... Qf7 $16 57. Qd4+ Kh7) 57. Qe5+ $2 (57. Qe7+ $1 {mates} Kg8 58. Kh5 (58. Qxb7 Qxf4 59. Qd5+ Kh7 $11) 58... Qh1+ 59. Kg6 Qc6+ 60. Qf6 Qd7 61. Kxh6 Qh7+ 62. Kg5) 57... Kh7 $2 (57... Kf7 $16) 58. Qe4+ (58. Qxb5 Qe1+ 59. Kh3 Qe3+ 60. Kh4 Qe1+ 61. Kh3 Qe3+ 62. Kh4 Qe1+ $11) 58... Kh8 59. Kh5 {[%emt 0:00:00] Weighted Error Value: White=0.21 (precise) /Black=0.48} ({Stronger than} 59. Qxb7 Qxf4 60. Qc8+ (60. Qxb5 $2 Qh2#) 60... Kh7 61. Qd7+ Kh8 62. Qc8+ (62. Qxb5 $2 Qh2#) (62. Qe8+ Kh7 $11) 62... Kh7 63. Qd7+ Kh8 64. Qe8+ (64. Qxb5 $2 Qh2#) 64... Kh7 65. Qe7+ (65. Qxb5 $2 Qh2#) (65. Qd7+ Kh8 $11) 65... Kg6 66. Qe8+ Kh7 67. Qe7+ (67. Qxb5 $2 Qh2#) (67. Qd7+ Kh8 $11) 67... Kg6 68. Qe8+ Kh7 $11) 1-0

[Event "4NCL 2022-2023"]
[Site "Daventry"]
[Date "2023.01.15"]
[Round "4.31"]
[White "Chan, Nevil"]
[Black "Palliser, Richard J D"]
[Result "0-1"]
[ECO "D00"]
[WhiteElo "2001"]
[BlackElo "2395"]
[Annotator "TA"]
[PlyCount "60"]
[EventDate "2022.10.20"]
[EventType "team-tourn"]
[EventCountry "ENG"]
[SourceTitle "playchess.com"]
[Source "ChessBase"]
[SourceQuality "1"]
[TimeControl "40/6000+30:2400+30"]

1. d4 Nf6 2. Nc3 d5 3. Bg5 g6 4. e3 Bg7 5. Nf3 O-O 6. Be2 b6 7. O-O Bb7 8. Ne5 {[%emt 0:11:09] D00: 1 d4 d5: Unusual lines.} Ne8 {[%emt 0:02:12] [#] ...f6 is the strong threat.} 9. Bf4 $146 ({Predecessor:} 9. Bh4 Nd6 10. f4 f6 11. Nd3 Nd7 12. Bf3 e6 13. Qe2 c5 14. Rad1 Qc7 15. dxc5 bxc5 {0-1 Blanco Acevedo,C (2306)-Martinez Duany,L (2470) Iberoamerican-ch 6th 2015 (8)}) 9... f6 10. Nf3 {[%emt 0:52:58] The position is equal.} Nd7 11. a4 c5 (11... a6 $11) 12. Nb5 ({Better is} 12. a5 $14) 12... a6 $15 13. Na3 e5 14. Bg3 cxd4 15. exd4 e4 16. Ne1 f5 {[%emt 0:00:34] [#] And now ...f4 would win.} 17. f4 Nc7 18. Bf2 Ne6 19. Be3 g5 {[%emt 0:05:42] aiming for ...gxf4.} 20. g3 gxf4 21. gxf4 (21. Rxf4 $17 {was the only defense.} Nxf4 22. Bxf4) 21... Rf6 22. Ng2 Rh6 $36 {[%emt 0:00:44][%mdl 2048] Keeping White busy.} 23. c3 Bf8 {[%emt 0:05:42] Black is more active.} 24. Nc2 (24. Bf2 $17) 24... Bd6 $19 25. Kh1 Kh8 26. Qd2 (26. Bg1 {is a better defense.}) 26... Qf6 27. Bg1 Rh3 28. Rf2 Rf8 29. Raf1 Qh6 30. Nce3 Ng7 {[%emt 0:00:48] Weighted Error Value: White=0.27 (precise) /Black=0.07 (flawless)} 0-1